BSA
NEW ORLEANS LOOTERS @ BAFFIN ISLAND BEAVERS
05/01/2029
 
TOP OF THE 1ST
New Orleans Looters batting - Pitching for Baffin Island Beavers : RHP Luis Féliz
Pitching: RHP Luis Féliz
Batting: SHB Arturo Sánchez 0-0: Ground out 5-3 (Groundball, 5)
Batting: RHB Dave O'Loan 0-0: Ball
1-0: Ball
2-0: Foul Ball, location: 2F
2-1: Called Strike
2-2: Ball
3-2: Strikes out swinging
Batting: SHB Oliver Deleón 0-0: Ball
1-0: Called Strike
1-1: Ball
2-1: Foul Ball, location: 2F
2-2: Ball
3-2: Strikes out swinging
Top of the 1st over - 0 runs, 0 hits, 0 errors, 0 left on base; New Orleans 0 - Baffin Island 0
BOTTOM OF THE 1ST
Baffin Island Beavers batting - Pitching for New Orleans Looters : RHP Edward Baker
Pitching: RHP Edward Baker
Batting: RHB Tomás Díaz 0-0: Called Strike
0-1: Ball
1-1: Fly out, F8 (Flyball, 8LM)
Batting: LHB Norberto Muñóz 0-0: Called Strike
0-1: Called Strike
0-2: Fly out, F9 (Flyball, 89XD)
Batting: RHB Dave Craig 0-0: Ball
1-0: Foul Ball, location: 2F
1-1: Swinging Strike
1-2: Strikes out looking
Bottom of the 1st over - 0 runs, 0 hits, 0 errors, 0 left on base; New Orleans 0 - Baffin Island 0
TOP OF THE 2ND
New Orleans Looters batting - Pitching for Baffin Island Beavers : RHP Luis Féliz
Batting: LHB Taylor Smith 0-0: Called Strike
0-1: Called Strike
0-2: Ball
1-2: Ground out U3 (Groundball, 3)
Batting: LHB Tony Abete 0-0: Ball
1-0: Swinging Strike
1-1: Called Strike
1-2: Foul Ball, location: 2F
1-2: Foul Ball, location: 2F
1-2: Foul Ball, location: 2F
1-2: Ball
2-2: Strikes out looking
Batting: LHB Miguel Colón 0-0: Swinging Strike
0-1: DOUBLE (Line Drive, 9LD)
Batting: RHB John Mendelson 0-0: Called Strike
0-1: Foul Ball, location: 2F
0-2: Fly out, F7 (Flyball, 7)
Top of the 2nd over - 0 runs, 1 hit, 0 errors, 1 left on base; New Orleans 0 - Baffin Island 0
BOTTOM OF THE 2ND
Baffin Island Beavers batting - Pitching for New Orleans Looters : RHP Edward Baker
Batting: RHB Tony Morton 0-0: Called Strike
0-1: Ball
1-1: Ball
2-1: Called Strike
2-2: Ball
3-2: Strikes out swinging
Batting: LHB Lorenzo Villa 0-0: Ball
1-0: Called Strike
1-1: Ball
2-1: Foul Ball, location: 2F
2-2: Ground out 4-3 (Groundball, 34)
Batting: LHB Howard Evans 0-0: Ball
1-0: Foul Ball, location: 2F
1-1: SINGLE (Groundball, 6D)
Batting: LHB César Valentín 0-0: Fly out, F7 (Line Drive, 7)
Bottom of the 2nd over - 0 runs, 1 hit, 0 errors, 1 left on base; New Orleans 0 - Baffin Island 0
TOP OF THE 3RD
New Orleans Looters batting - Pitching for Baffin Island Beavers : RHP Luis Féliz
Batting: RHB Run-ming Zhu 0-0: Ball
1-0: Called Strike
1-1: Foul Ball, location: 2F
1-2: DOUBLE (Flyball, 89D)
Batting: RHB Salvador Salas 0-0: Called Strike
0-1: Foul Ball, location: 2F
0-2: Ball
1-2: Ball
2-2: Ball
3-2: Ground out U3 (Groundball, 3S)
Run-ming Zhu to third
Batting: SHB Arturo Sánchez 0-0: Ball
1-0: Fly out, F8 (Flyball, 8LD)
Runner from 3rd tags up, SCORES, throw made
Batting: RHB Dave O'Loan 0-0: Called Strike
0-1: Ball
1-1: Fly out, F8 (Flyball, 89S)
Top of the 3rd over - 1 run, 1 hit, 0 errors, 0 left on base; New Orleans 1 - Baffin Island 0
BOTTOM OF THE 3RD
Baffin Island Beavers batting - Pitching for New Orleans Looters : RHP Edward Baker
Batting: RHB Alden Isenhood 0-0: Ball
1-0: Ball
2-0: Ball
3-0: Called Strike
3-1: Ground out 4-3 (Groundball, 4M)
Batting: LHB Mike MacFadden 0-0: Foul Ball, location: 2F
0-1: Ball
1-1: Ball
2-1: Called Strike
2-2: Ground out 1-3 (Groundball, 15S)
Batting: RHB Tomás Díaz 0-0: Ball
1-0: Ground out 4-3 (Groundball, 4S)
Bottom of the 3rd over - 0 runs, 0 hits, 0 errors, 0 left on base; New Orleans 1 - Baffin Island 0
TOP OF THE 4TH
New Orleans Looters batting - Pitching for Baffin Island Beavers : RHP Luis Féliz
Batting: SHB Oliver Deleón 0-0: Ball
1-0: Ball
2-0: Foul Ball, location: 2F
2-1: Fly out, F8 (Line Drive, 89D)
Batting: LHB Taylor Smith 0-0: Called Strike
0-1: Swinging Strike
0-2: Foul Ball, location: 2F
0-2: Ball
1-2: Ball
2-2: Fly out, F8 (Line Drive, 8RD)
Batting: LHB Tony Abete 0-0: Called Strike
0-1: Foul Ball, location: 2F
0-2: Ball
1-2: Strikes out looking
Top of the 4th over - 0 runs, 0 hits, 0 errors, 0 left on base; New Orleans 1 - Baffin Island 0
BOTTOM OF THE 4TH
Baffin Island Beavers batting - Pitching for New Orleans Looters : RHP Edward Baker
Batting: LHB Norberto Muñóz 0-0: Called Strike
0-1: Ball
1-1: Ground out 4-3 (Groundball, 4)
Batting: RHB Dave Craig 0-0: Fly out, F8 (Line Drive, 8LD)
Batting: RHB Tony Morton 0-0: Called Strike
0-1: Swinging Strike
0-2: Strikes out swinging
Bottom of the 4th over - 0 runs, 0 hits, 0 errors, 0 left on base; New Orleans 1 - Baffin Island 0
TOP OF THE 5TH
New Orleans Looters batting - Pitching for Baffin Island Beavers : RHP Luis Féliz
Batting: LHB Miguel Colón 0-0: Ball
1-0: Ball
2-0: Foul Ball, location: 2F
2-1: Called Strike
2-2: Ground out 5-3 (Groundball, 5)
Batting: RHB John Mendelson 0-0: Foul Ball, location: 2F
0-1: Bunt for hit - play at first, batter OUT! 3-4
Batting: RHB Run-ming Zhu 0-0: Ball
1-0: Called Strike
1-1: Ball
2-1: Ground out 5-3 (Groundball, 56)
Top of the 5th over - 0 runs, 0 hits, 0 errors, 0 left on base; New Orleans 1 - Baffin Island 0
BOTTOM OF THE 5TH
Baffin Island Beavers batting - Pitching for New Orleans Looters : RHP Edward Baker
Batting: LHB Lorenzo Villa 0-0: Foul Ball, location: 2F
0-1: SINGLE (Groundball, 4MD)
Batting: LHB Howard Evans 0-0: Foul Ball, location: 2F
0-1: Ball
1-1: Ball
2-1: Swinging Strike
2-2: Fly out, F8 (Flyball, 78D)
Batting: LHB César Valentín 0-0: Called Strike
0-1: Foul Ball, location: 2F
0-2: Ball
1-2: Ball
2-2: Foul Ball, location: 2F
2-2: SINGLE (Flyball, 78M)
Lorenzo Villa to second
Batting: RHB Alden Isenhood 0-0: Called Strike
0-1: Swinging Strike
0-2: Foul Ball, location: 2F
0-2: Foul Ball, location: 2F
0-2: Ball
1-2: Ball
2-2: Ball
3-2: Grounds into double play, 6-4-3 (Groundball, 6M)
Bottom of the 5th over - 0 runs, 2 hits, 0 errors, 1 left on base; New Orleans 1 - Baffin Island 0
TOP OF THE 6TH
New Orleans Looters batting - Pitching for Baffin Island Beavers : RHP Luis Féliz
Batting: RHB Salvador Salas 0-0: DOUBLE (Flyball, 78XD)
Batting: SHB Arturo Sánchez 0-0: Swinging Strike
0-1: Ball
1-1: Foul Ball, location: 2F
1-2: Ball
2-2: Fly out, F8 (Flyball, 8LS)
Batting: RHB Dave O'Loan 0-0: Ball
1-0: Called Strike
1-1: Foul Ball, location: 2F
1-2: Ball
2-2: SINGLE (Line Drive, 7LS)
Salvador Salas to third
Batting: SHB Oliver Deleón 0-0: Ball
1-0: Foul Ball, location: 2F
1-1: Fielders Choice at 2nd, 1-4 (Groundball, 15S)
Batting: LHB Taylor Smith 0-0: Ball
Wild Pitch!
Salvador Salas scores
Oliver Deleón to second
1-0: Ball
2-0: Ball
3-0: Called Strike
3-1: Ground out U3 (Groundball, 3L)
Top of the 6th over - 1 run, 2 hits, 0 errors, 1 left on base; New Orleans 2 - Baffin Island 0
BOTTOM OF THE 6TH
Baffin Island Beavers batting - Pitching for New Orleans Looters : RHP Edward Baker
Batting: LHB Mike MacFadden 0-0: Foul Ball, location: 2F
0-1: Called Strike
0-2: Ball
1-2: Strikes out swinging
Batting: RHB Tomás Díaz 0-0: Called Strike
0-1: Ball
1-1: SINGLE (Line Drive, 56)
Batting: LHB Norberto Muñóz 0-0: Ball
1-0: Called Strike
1-1: Called Strike
1-2: Ball
2-2: Foul Ball, location: 2F
2-2: Fly out, F8 (Flyball, 78M)
Batting: RHB Dave Craig 0-0: Called Strike
Tomás Díaz steals 2nd base
0-1: Ball
1-1: Ball
2-1: Ball
3-1: Foul Ball, location: 2F
3-2: Base on Balls
Batting: RHB Tony Morton 0-0: Fly out, F9 (Line Drive, 89D)
Bottom of the 6th over - 0 runs, 1 hit, 0 errors, 2 left on base; New Orleans 2 - Baffin Island 0
TOP OF THE 7TH
New Orleans Looters batting - Pitching for Baffin Island Beavers : RHP Luis Féliz
Pitching: RHP Beau Brown
Batting: LHB Tony Abete 0-0: Called Strike
0-1: Ball
1-1: Ground out 6-3 (Groundball, 6S)
Pitching: LHP Roberto Barrón
Batting: LHB Miguel Colón 0-0: Fly out, F8 (Flyball, 89D)
Pitching: RHP Dave Rhodes
Batting: RHB John Mendelson 0-0: Called Strike
0-1: Swinging Strike
0-2: Ball
1-2: Strikes out swinging
Top of the 7th over - 0 runs, 0 hits, 0 errors, 0 left on base; New Orleans 2 - Baffin Island 0
BOTTOM OF THE 7TH
Baffin Island Beavers batting - Pitching for New Orleans Looters : RHP Edward Baker
Batting: LHB Lorenzo Villa 0-0: Called Strike
0-1: Ball
1-1: Fly out, F8 (Flyball, 8LD)
Batting: LHB Howard Evans 0-0: Foul Ball, location: 2F
0-1: Fly out, F6 (Flyball, 56D)
Batting: LHB César Valentín 0-0: Foul Ball, location: 2F
0-1: Swinging Strike
0-2: Ball
1-2: Ball
2-2: Ground out 3-1 (Groundball, 34)
Bottom of the 7th over - 0 runs, 0 hits, 0 errors, 0 left on base; New Orleans 2 - Baffin Island 0
TOP OF THE 8TH
New Orleans Looters batting - Pitching for Baffin Island Beavers : RHP Dave Rhodes
Batting: RHB Run-ming Zhu 0-0: SINGLE (Groundball, 2R) (infield hit)
Batting: RHB Salvador Salas 0-0: Bunted foul
0-1: Ball
1-1: Sac Bunt - play at first, batter OUT! 1-4
Run-ming Zhu to second
Batting: SHB Arturo Sánchez 0-0: Ball
1-0: Foul Ball, location: 2F
1-1: Foul Ball, location: 2F
1-2: Foul Ball, location: 2F
1-2: Foul Ball, location: 2F
1-2: Ball
2-2: Ground out 5-3 (Groundball, 5)
Batting: RHB Dave O'Loan 0-0: Ball
1-0: Ground out 1-3 (Groundball, 13)
Top of the 8th over - 0 runs, 1 hit, 0 errors, 1 left on base; New Orleans 2 - Baffin Island 0
BOTTOM OF THE 8TH
Baffin Island Beavers batting - Pitching for New Orleans Looters : RHP Edward Baker
Batting: RHB Alden Isenhood 0-0: Ball
1-0: Ball
2-0: Called Strike
2-1: DOUBLE (Line Drive, 78D)
Batting: LHB Mike MacFadden 0-0: Called Strike
0-1: DOUBLE (Line Drive, 78D)
Alden Isenhood scores
Pitching: RHP Juan Flores
Batting: RHB Tomás Díaz 0-0: Called Strike
0-1: Called Strike
0-2: Strikes out looking
Pitching: LHP Tadao Yoshida
Batting: LHB Norberto Muñóz 0-0: Called Strike
0-1: Ground out 4-3 (Groundball, 4)
Mike MacFadden to third
Pitching: RHP Ienobu Sato
Batting: RHB Dave Craig 0-0: Called Strike
0-1: Ball
1-1: Ball
2-1: Swinging Strike
2-2: Foul Ball, location: 2F
2-2: Ground out 4-3 (Groundball, 4)
Bottom of the 8th over - 1 run, 2 hits, 0 errors, 1 left on base; New Orleans 2 - Baffin Island 1
TOP OF THE 9TH
New Orleans Looters batting - Pitching for Baffin Island Beavers : RHP Dave Rhodes
Pitching: LHP Brent Miller
Batting: SHB Oliver Deleón 0-0: Ball
1-0: Called Strike
1-1: Foul Ball, location: 2F
1-2: SINGLE (Groundball, 4D)
Batting: LHB Taylor Smith 0-0: Fly out, F5 (Popup, 5SF)
Pinch Hitting: RHB Greg Handrahan 0-0: Ball
1-0: SINGLE (Line Drive, 56D)
Oliver Deleón to second
Batting: LHB Miguel Colón 0-0: Called Strike
0-1: Ball
1-1: Ball
2-1: Foul Ball, location: 2F
2-2: Fly out, F8 (Flyball, 78M)
Batting: RHB John Mendelson 0-0: Foul Ball, location: 2F
0-1: Ball
1-1: DOUBLE (Line Drive, 7LD)
Oliver Deleón scores
Greg Handrahan to third
Batting: RHB Run-ming Zhu 0-0: Ball
1-0: Swinging Strike
1-1: Ball
2-1: Ball
3-1: SINGLE (Line Drive, 56)
Greg Handrahan scores
John Mendelson to third
Runner from 3rd tries for Home, SAFE, throw made home
Pitching: RHP Colm Stewart
Batting: RHB Salvador Salas 0-0: Foul Ball, location: 2F
0-1: Fly out, F7 (Line Drive, 7D)
Top of the 9th over - 3 runs, 4 hits, 0 errors, 1 left on base; New Orleans 5 - Baffin Island 1
BOTTOM OF THE 9TH
Baffin Island Beavers batting - Pitching for New Orleans Looters : RHP Ienobu Sato
Pitching: LHP Juan Méndez
Now in LF: Greg Handrahan
Batting: RHB Tony Morton 0-0: Foul Ball, location: 2F
0-1: Ball
1-1: Swinging Strike
1-2: Foul Ball, location: 2F
1-2: Strikes out swinging
Batting: LHB Lorenzo Villa 0-0: Called Strike
0-1: Ball
1-1: Ball
2-1: SINGLE (Groundball, 3D)
Batting: LHB Howard Evans 0-0: Ball
1-0: Foul Ball, location: 2F
1-1: SINGLE (Flyball, 56D)
Lorenzo Villa to second
Batting: LHB César Valentín 0-0: Called Strike
0-1: Ball
1-1: Foul Ball, location: 2F
1-2: Foul Ball, location: 2F
1-2: Foul Ball, location: 2F
1-2: Ball
2-2: Foul Ball, location: 2F
2-2: Strikes out swinging
Batting: RHB Alden Isenhood 0-0: Ball
1-0: Ground out 4-3 (Groundball, 34)
Bottom of the 9th over - 0 runs, 2 hits, 0 errors, 2 left on base; New Orleans 5 - Baffin Island 1
Saturday, December 16th, 2017 - OOTP Baseball 18.8 Build 76